 Dungeon Crawl Stone Soup version 0.22-b1-21-g5cfc168 (webtiles) character file.

23 letownia2 the Insei (level 2, 0/21 HPs)
             Began as a Demonspawn Transmuter on Aug 3, 2018.
             Succumbed to an adder's poison
             ... on level 4 of the Dungeon.
             The game lasted 00:02:01 (629 turns).

letownia2 the Insei (Demonspawn Transmuter)          Turns: 629, Time: 00:02:01

Health: 0/21       AC:  5    Str: 10    XL:     2   Next: 72%
Magic:  4/5        EV: 10    Int: 14    God:
Gold:   95         SH:  0    Dex: 13    Spells: 4/5 levels left

rFire    . . .     SeeInvis .     - Unarmed
rCold    . . .     Gourm    .   (no shield)
rNeg     . . .     Faith    .   e - +0 ring mail
rPois    .         Spirit   .   (no helmet)
rElec    .         Reflect  .   (no cloak)
rCorr    .         Harm     .   (no gloves)
MR       .....                  (no boots)
Stlth    +.........             (no amulet)
HPRegen  0.07/turn              (no ring)
MPRegen  0.09/turn              (no ring)

@: lethally poisoned (0 -> -5), very slightly contaminated
A: demonic guardian 1
a: no special abilities


You were on level 4 of the Dungeon.
You were not hungry.

You visited 1 branch of the dungeon, and saw 4 of its levels.

You collected 95 gold pieces.

Inventory:

Missiles
 a - 44 arrows
 g - 9 poisoned needles
Armour
 b - a +0 robe
 e - a +0 ring mail (worn)
 f - a +0 leather armour
 h - a +0 pair of gloves
 q - a +0 scale mail
Jewellery
 p - an uncursed ring of resist corrosion {unknown}
Scrolls
 i - a scroll of remove curse {unknown}
 l - 4 scrolls of identify {unknown}
 m - a scroll of fear {unknown}
 n - a scroll of amnesia {unknown}
 o - a scroll of enchant armour {unknown}
Potions
 c - a potion of berserk rage {unknown}
 j - a potion of curing {unknown}
 k - a potion of might {unknown}
 r - a potion of degeneration {unknown}
Comestibles
 d - 3 rations


   Skills:
 - Level 1.0 Fighting
 + Level 0.8 Armour
 - Level 1.7 Dodging
 + Level 3.2 Unarmed Combat
 - Level 2.0 Spellcasting
 + Level 2.1 Transmutations


You had 4 spell levels left.
You knew the following spells:

 Your Spells              Type           Power        Failure   Level  Hunger
a - Beastly Appendage     Tmut           #.....       26%         1    ##.....

Your spell library contained the following spells:

 Spells                   Type           Power        Failure   Level  Hunger
 Spider Form              Tmut/Pois      #.........   77%         3    ####...
 Blade Hands              Tmut           #.........   100%        5    ######.
 Ice Form                 Ice/Tmut       #.......     99%         4    #####..
 Sticks to Snakes         Tmut           #.......     36%         2    ###....


Dungeon Overview and Level Annotations

Branches:
Dungeon (4/15)
 Temple: D:4-7

Altars:


Innate Abilities, Weirdness & Mutations

A weak demonic guardian rushes to your aid.


Message History

Found 2 scrolls labeled WETABB VOXZAL and 2 fuming sapphire potions.
* * * LOW HITPOINT WARNING * * *
You feel sick.
The quokka bites you but does no damage.
Your shadow imp gestures at the quokka.
The quokka writhes in agony!
There is a stone staircase leading down here.
The quokka completely misses you.
Your shadow imp barely misses the quokka.
You climb downwards.
Found a spear.
There is a stone staircase leading up here.
Unknown command.
Casting: Beastly Appendage (safe; 26% risk of failure)
Confirm with . or Enter, or press ? or * to list all spells.
You don't know that spell.
Unknown command.
You closely miss the quokka.
The quokka is heavily wounded.
You die...

###
#@#
#.r..#
####.#
#


You could see a quokka.

Vanquished Creatures
  A dart slug (D:1)
  3 goblins (D:1)
  A hobgoblin (D:2)
  A bat (D:2)
  A frilled lizard (D:1)
  7 kobolds
  3 rats
17 creatures vanquished.

Vanquished Creatures (collateral kills)
  An adder (D:3)
1 creature vanquished.

Grand Total: 18 creatures vanquished

Notes
Turn   | Place    | Note
-------+----------+-------------------------------------------
     0 | D:1      | letownia2 the Demonspawn Transmuter began the quest for the Orb.
     0 | D:1      | Reached XP level 1. HP: 15/15 MP: 3/3
    89 | D:1      | Reached skill level 3 in Unarmed Combat
   196 | D:1      | Gained mutation: A weak demonic guardian rushes to your aid. [demonic ancestry]
   196 | D:1      | Reached XP level 2. HP: 14/21 MP: 1/5
   626 | D:3      | HP: 1/21 [poisoned by an adder]
   629 | D:4      | Succumbed to an adder's poison

Skill      XL: |  1  2 |
---------------+-------+-----
Unarmed Combat | 3 |  3.2
Transmutations | 2 |  2.1
Fighting       | |  1.0
Armour         | |  0.8
Dodging        | |  1.7
Spellcasting   | |  2.0

Action                   || total
-------------------------++-------
Melee: Unarmed           ||    71
       Kick              ||     6
       Headbutt          ||     3
 Cast: Beastly Appendage ||    12
Armor: Ring mail         ||    19
       Robe              ||     1
Dodge: Dodged            ||    45
